 Dungeon Crawl Stone Soup version 0.29.1-1-gd02db6906a (webtiles) character file.

Game seed: 18403817636688988402

24271 RKaid the Markstengu (level 13, 0/75 HPs)
             Began as a Tengu Hunter on Sept 17, 2022.
             Was a Believer of Hepliaklqana.
             Slain by a vampire mosquito (2 damage)
             ... on level 5 of the Lair of Beasts.
             The game lasted 00:49:46 (15388 turns).

RKaid the Markstengu (Tengu Hunter)                Turns: 15388, Time: 00:49:46

Health: 0/75       AC: 10    Str: 13    XL:     13   Next: 12%
Magic:  13/14      EV: 22    Int:  9    God:    Hepliaklqana [**....]
Gold:   757        SH:  0    Dex: 22    Spells: 12/12 levels left

rFire   + . .      SeeInvis .   a - +8 storm bow {elec, penet}
rCold   . . .      Faith    .   (shield currently unavailable)
rNeg    . . .      Spirit   .   m - +3 ring mail
rPois   .          Reflect  .   (helmet restricted)
rElec   .          Harm     .   I - +0 cloak
rCorr   .          Rampage  .   q - +0 pair of gloves
Will    .....                   (boots unavailable)
Stlth   +.........              u - amulet of regeneration {+regen}
HPRegen 1.02/turn               E - ring of protection from fire {rF+}
MPRegen 0.14/turn               (no ring)

@: about to teleport, flying quickly and evasively, quick
A: reduced essence, beak, talons 3, nimble flight
a: Renounce Religion, Recall Ancestor, Ancestor Identity


You were on level 5 of the Lair of Beasts.
You worshipped Hepliaklqana.
Hepliaklqana was pleased with you.
You visited 3 branches of the dungeon, and saw 15 of its levels.
You also visited: Sewer.

You collected 787 gold pieces.
You spent 30 gold pieces at shops.

Inventory:

Hand Weapons
 a - the +8 storm bow (weapon) {elec, penet}
   (You acquired it on level 10 of the Dungeon)

   Any ammunition fired from it occasionally discharges a powerful burst of
   electricity upon striking a foe.
   Any ammunition fired by it passes through the targets it hits, potentially
   hitting all targets in its path until it reaches maximum range.
Missiles
 v - 2 throwing nets {=f}
 y - a curare-tipped dart
Armour
 m - a +3 ring mail (worn)
   (You found it on level 2 of the Dungeon)
 q - a +0 pair of gloves (worn)
   (You found it on level 3 of the Dungeon)
 I - a +0 cloak (worn)
   (You took it off Crazy Yiuf on level 2 of the Dungeon)
Magical Staves
 l - a staff of death {rN+}
   (You found it on level 1 of the Dungeon)
 s - a staff of air {rElec}
   (You took it off a gnoll bouda on level 7 of the Dungeon)
 C - a staff of fire {rF+}
   (You took it off an orc on level 7 of the Dungeon)
 G - a staff of cold {rC+}
   (You found it on level 1 of the Lair of Beasts)
Jewellery
 o - an amulet of guardian spirit {Spirit}
   (You found it on level 1 of the Dungeon)
 r - an amulet of faith {Faith, !P}
   (You took it off an orc on level 5 of the Dungeon)
 u - an amulet of regeneration (around neck) {+regen}
   (You found it on level 5 of the Dungeon)
 z - a ring of ice {rC+, rF-}
   (You found it on level 8 of the Dungeon)
 E - a ring of protection from fire (left hand) {rF+}
   (You found it on level 8 of the Dungeon)
Wands
 A - a wand of acid (1)
   (You found it on level 2 of the Lair of Beasts)
 F - a wand of polymorph (9)
   (You found it on level 9 of the Dungeon)
 H - a wand of flame (27)
   (You took it off an orc priest on level 9 of the Dungeon)
 M - a wand of roots (2)
   (You found it on level 2 of the Lair of Beasts)
Scrolls
 b - 2 scrolls of immolation {!r}
 e - 5 scrolls of amnesia
 g - a scroll of silence
 i - 2 scrolls of identify
 k - 2 scrolls of noise {!r}
 t - 2 scrolls of teleportation
 J - a scroll of fear
 K - a scroll of enchant weapon
Potions
 c - 5 potions of curing
 d - 2 potions of brilliance
 f - 4 potions of lignification {!q}
 h - 2 potions of heal wounds
 j - 3 potions of magic
 n - 8 potions of invisibility
 p - 3 potions of cancellation
 x - a potion of resistance {unknown}
 B - 3 potions of berserk rage {!q}
 D - 3 potions of might
 L - a potion of mutation {unknown}
 N - 2 potions of attraction {unknown}
Miscellaneous
 w - a phial of floods
   (You found it on level 1 of the Lair of Beasts)


   Skills:
 + Level 11.2 Fighting
 * Level 17.1 Ranged Weapons
 + Level 12.2 Dodging
 - Level 1.0 Stealth


You had 12 spell levels left.
You didn't know any spells.
Your spell library contained the following spells:

 Spells                   Type           Power      Damage    Failure   Level
 Freeze                   Ice            0%         1d3       65%         1
 Magic Dart               Conj           0%         1d3       65%         1
 Searing Ray              Conj           0%         2d4       80%         2
 Call Canine Familiar     Summ           0%         N/A       95%         3
 Frozen Ramparts          Ice            0%         1d1       95%         3
 Portal Projectile        Hex/Tloc       0%         N/A       95%         3
 Corpse Rot               Necr/Pois/Air  0%         N/A       100%        4
 Dispel Undead            Necr           0%         3d6       100%        4
 Fulminant Prism          Conj/Hex       0%         3d6       100%        4
 Hailstorm                Conj/Ice       0%         3d3       100%        4
 Ice Form                 Ice/Tmut       0%         N/A       100%        4
 Leda's Liquefaction      Hex/Erth       0%         N/A       100%        4
 Death Channel            Necr           0%         N/A       100%        6
 Simulacrum               Ice/Necr       0%         N/A       100%        6


Dungeon Overview and Level Annotations

Branches:
Dungeon (10/15)            Temple (1/1) D:6            Lair (5/5) D:8
  Sewer (visited)
  Swamp: Lair:2-3    Shoals: Lair:2-3     Snake: Lair:2-3    Spider: Lair:2-3
  Slime: Lair:4-5       Orc: D:9-12

Altars:
Ashenzari
Cheibriados
Dithmenos
Elyvilon
Fedhas
Gozag
Hepliaklqana
Kikubaaqudgha
Makhleb
Nemelex Xobeh
Okawaru
Qazlal
Ru
Sif Muna
Trog
Uskayaw
Vehumet
Wu Jian
Xom
Yredelemnul
Zin
The Shining One

Shops:
D:5 [(   D:7 !

Annotations:
D:4 1 runed translucent door, void236's ghost, weakling DrCA
D:5 3 runed translucent doors, paps's ghost, weakling OpDe
D:8 LabCoat's ghost, novice HOFi
Lair:2 3 runed translucent doors, Duaji's ghost, journeyman GrFi
Lair:5 exclusion: oklob plant


Innate Abilities, Weirdness & Mutations

Your life essence is reduced to manifest your ancestor. (-10% HP)
You have a beak for a mouth.
You have claws for feet.
Your magical nature lets you fly swiftly and evasively.


Message History

The arrow pierces through the water moccasin!!
You kill the water moccasin!
You shoot an arrow.
The arrow pierces through the komodo dragon!
Cheryl hits the komodo dragon with a +0 flail!
You shoot an arrow.
The arrow pierces through the komodo dragon!
Cheryl barely misses the komodo dragon.
You shoot an arrow.
The arrow pierces through the komodo dragon.
The komodo dragon barely misses you.
Cheryl hits the komodo dragon with a +0 flail!
You shoot an arrow.
The arrow pierces through the komodo dragon!!
You kill the komodo dragon!
No target in view!
No target in view!
No target in view!
No target in view!
No target in view!
No target in view!
No target in view!
No target in view!
You see here a yak corpse.
Found a stone staircase leading down.
H - a wand of flame (27) (gained 7 charges)
You swap places.
N - 2 purple potions You swap places.
Found a stone staircase leading down.
A sourceless malevolence fills the Lair of Beasts...
You are sucked into a shaft and drop 2 floors!
The shaft crumbles and collapses.
A polar bear and an oklob plant come into view.
The polar bear growls angrily.
You hear a loud, deep croak!
Marking area around an oklob plant as unsafe for travelling.
A cane toad comes into view.
Okay, then.
Cheryl is recalled.
A blink frog comes into view.
A blink frog comes into view.
The blink frog croaks.
The blink frog gives a loud, deep croak!
You hear a loud, deep croak! x2
A blink frog comes into view.
A vampire mosquito comes into view.
Cheryl hits the polar bear with a +0 flail.
You shoot an arrow. The vampire mosquito buzzes angrily.
The arrow pierces through the polar bear!!
You hear a loud, deep croak!
The blink frog blinks! x2
A blink frog comes into view.
Cheryl hits the polar bear with a +0 flail.
You shoot an arrow. The arrow barely misses the polar bear.
The blink frog gives a loud, deep croak!
You hear an angry buzzing noise.
You hear a croak.
The polar bear misses you. x2; The polar bear barely misses you.
A blink frog comes into view.
A cane toad comes into view.
You shoot an arrow. The cane toad gives a loud, deep croak!
The arrow pierces through the polar bear!
A blink frog comes into view.
Cheryl hits the polar bear with a +0 flail.
The polar bear goes berserk!
A vampire mosquito comes into view.
The blink frog blinks! x2; The blink frog moves out of view.
As you read the scroll of teleportation, it crumbles to dust.
You feel strangely unstable. The polar bear bites you!!
The polar bear misses you. The polar bear barely misses you.
The blink frog blinks!
Cheryl closely misses the polar bear.
The vampire mosquito bites you.
The vampire mosquito draws strength from your injuries!
The cane toad barely misses you.
A blink frog comes into view.
The polar bear closely misses you. The polar bear misses you.
The polar bear claws you but does no damage.
Fire: a) +8 storm bow {elec, penet}
Press: ? - help, Q - select action Shift-Dir - straight line, f/p - polar bear
Aim: a polar bear (almost dead, berserk, ally target, 81% to hit)
You shoot an arrow.
The blink frog gives a loud, deep croak!
The arrow pierces through the polar bear!!
You kill the polar bear!
The vampire mosquito misses you.
The blink frog blinks!
The blink frog hits you! The blink frog misses you. The cane toad stings you!!
The vampire mosquito bites you!
* * * LOW HITPOINT WARNING * * *
The vampire mosquito draws strength from your injuries!
Really fly into a travel-excluded area?
The blink frog attacks as you move away!
The blink frog hits you.
* * * LOW HITPOINT WARNING * * *
The blink frog hits Cheryl but does no damage.
The blink frog hits Cheryl.
Cheryl hits the vampire mosquito with a +0 flail!!
The oklob plant spits acid at you. The splash of acid hits you!
* * * LOW HITPOINT WARNING * * *
The vampire mosquito bites you.
You die...

.........~~~~~
~~§..#....~~~~~≈
~~........~P~P~P
~~F.......~~~~≈≈
~~..#......~PP~≈
~.FFF#...~~~P~≈≈
~...Fy.FF~~P~~P≈
.......yR.~~~~~~
....P..F@~~~~~~~
.........~~~~~PP
##.##........#.♣
# #...P....P.#
#...........P
P.##.....##...
#.# ...#.#. ...
#. #P..####. .P
.... #.


You could see the friendly Cheryl the knight, an oklob plant, 2 cane toads, 6
blink frogs and 2 vampire mosquitoes.

Vanquished Creatures
  A hydra (Lair:1)
  A two-headed ogre (D:7)
  Urug (Lair:1)
  A deep elf pyromancer (D:8)
  An ugly thing (D:7)
  3 elephants (Lair:2)
  3 black mambas
  A cyclops (D:8)
  A gargoyle (D:7)
  3 cane toads (Lair:2)
  Psyche (D:10)
  Maggie (D:7)
  A kobold demonologist (D:7)
  An efreet (D:8)
  5 komodo dragons
  2 trolls
  A polar bear (Lair:5)
  Grinder (D:5)
  3 blink frogs (Lair:2)
  Sigmund (D:2)
  3 wyverns
  A shadow (D:9)
  28 yaks
  5 basilisks
  Menkaure (D:6)
  Edmund (D:3)
  2 acid dragons
  11 water moccasins
  Duvessa (D:7)
  2 black bears
  4 orc warriors
  3 sky beasts
  13 wolves
  3 centaurs
  2 ogres
  4 kobold brigands
  6 necrophages
  Blork the orc (D:4)
  4 bullfrogs
  4 scorpions
  A gnoll sergeant (D:7)
  Dowan (D:7)
  8 wights
  19 killer bees
  4 howler monkeys
  7 hounds
  6 orc priests
  3 gnoll boudas (D:7)
  A jelly (D:6)
  Crazy Yiuf (D:2)
  Jessica (D:2)
  4 iguanas
  8 orc wizards
  Robin (D:4)
  7 gnolls
  11 adders
  A river rat (Sewer)
  3 shadow imps
  2 white imps
  An ufetubus (D:5)
  6 worms
  A dart slug (D:2)
  48 orcs
  6 endoplasms
  2 giant cockroaches
  14 goblins
  12 hobgoblins
  3 jackals (D:4)
  6 quokkas
  9 ball pythons
  4 bats
  4 frilled lizards
  28 kobolds
  4 rats
369 creatures vanquished.

Vanquished Creatures (collateral kills)
  An elephant (Lair:2)
  A komodo dragon (Lair:1)
  A rime drake (Lair:1)
  2 yaks (Lair:2)
  A water moccasin (Lair:1)
6 creatures vanquished.

Vanquished Creatures (others)
  4 ancestors
  An orc wizard (D:6)
  4 fungi
  55 plants
64 creatures vanquished.

Grand Total: 439 creatures vanquished

Notes
Turn   | Place    | Note
-------+----------+-------------------------------------------
     0 | D:1      | RKaid the Tengu Hunter began the quest for the Orb.
     0 | D:1      | Reached XP level 1. HP: 12/12 MP: 2/2
   197 | D:1      | Reached XP level 2. HP: 17/17 MP: 3/3
   771 | D:1      | Found Ihes's Book Shoppe.
  1044 | D:2      | Reached XP level 3. HP: 22/22 MP: 4/4
  1053 | D:2      | Reached skill level 5 in Ranged Weapons
  1139 | D:2      | Noticed Jessica
  1139 | D:2      | Noticed Sigmund
  1170 | D:2      | Killed Sigmund
  1171 | D:2      | Reached skill level 3 in Fighting
  1171 | D:2      | Reached skill level 6 in Ranged Weapons
  1171 | D:2      | Reached skill level 3 in Dodging
  1171 | D:2      | Reached XP level 4. HP: 28/28 MP: 5/5
  1171 | D:2      | Gained mutation: Your magical nature lets you fly swiftly
                  | and evasively. [Tengu growth]
  1171 | D:2      | Reached XP level 5. HP: 32/32 MP: 6/6
  1176 | D:2      | Killed Jessica
  1365 | D:2      | Found a runed translucent door.
  1366 | D:2      | Noticed Crazy Yiuf
  1611 | D:3      | Reached XP level 6. HP: 37/37 MP: 7/7
  1765 | D:3      | Found a glowing drain.
  1777 | Sewer    | Entered a sewer
  1791 | Sewer    | Reached skill level 4 in Dodging
  2363 | D:3      | HP: 4/38 [orc priest/divine providence (8)]
  2365 | D:3      | Reached skill level 7 in Ranged Weapons
  2737 | D:3      | Reached XP level 7. HP: 42/42 MP: 8/8
  2953 | D:3      | Reached skill level 4 in Fighting
  3332 | D:4      | Noticed Edmund
  3448 | D:3      | Killed Edmund
  3515 | D:4      | Noticed Blork the orc
  3529 | D:4      | Killed Blork the orc
  3662 | D:4      | Reached skill level 5 in Dodging
  3762 | D:4      | Reached skill level 8 in Ranged Weapons
  3856 | D:4      | Found a runed translucent door.
  4080 | D:4      | Noticed Robin
  4113 | D:4      | Killed Robin
  4119 | D:4      | Reached XP level 8. HP: 48/48 MP: 9/9
  4269 | D:4      | Noticed void236's ghost (weakling DrCA)
  4274 | D:5      | Entered Level 5 of the Dungeon
  4496 | D:5      | Reached skill level 5 in Fighting
  4516 | D:5      | Found Rushraup's Armour Emporium.
  4744 | D:5      | Found Votse's Weapon Emporium.
  4753 | D:5      | Bought a throwing net for 30 gold pieces
  4755 | D:5      | Found a runed translucent gate.
  4755 | D:5      | Found a runed translucent gate.
  4760 | D:5      | Found a runed translucent gate.
  4767 | D:5      | Noticed paps's ghost (weakling OpDe)
  4946 | D:5      | Reached skill level 9 in Ranged Weapons
  5013 | D:5      | Reached skill level 6 in Dodging
  5691 | D:6      | Noticed Grinder
  5792 | D:6      | Reached XP level 9. HP: 42/55 MP: 10/10
  5809 | D:6      | Reached skill level 6 in Fighting
  5811 | D:6      | Reached skill level 10 in Ranged Weapons
  6014 | D:6      | Found a staircase to the Ecumenical Temple.
  6019 | Temple   | Entered the Ecumenical Temple
  6450 | D:6      | Noticed a troll
  6509 | D:6      | Reached skill level 7 in Dodging
  6599 | D:6      | Paralysed by Grinder for 2 turns
  6605 | D:5      | Killed Grinder
  6734 | D:6      | Killed a troll
  6735 | D:6      | Reached skill level 11 in Ranged Weapons
  6975 | D:6      | Reached skill level 7 in Fighting
  7125 | D:7      | Noticed Duvessa
  7125 | D:7      | Noticed Dowan
  7133 | D:7      | Killed Dowan
  7137 | D:7      | Killed Duvessa
  7138 | D:7      | Reached XP level 10. HP: 39/63 MP: 11/11
  7208 | D:7      | Noticed a gargoyle
  7229 | D:6      | Reached skill level 8 in Dodging
  7308 | D:7      | Found Kiehal's Distillery.
  7331 | D:7      | Noticed a two-headed ogre
  7381 | D:7      | Killed a two-headed ogre
  7382 | D:7      | Reached skill level 12 in Ranged Weapons
  7455 | D:7      | Noticed a red ugly thing
  7720 | D:6      | HP: 3/63 [gargoyle/stone arrow (25)]
  7868 | D:7      | Noticed a kobold demonologist
  7872 | D:7      | Noticed Maggie
  7882 | D:7      | Noticed a soul eater
  7883 | D:7      | Killed a kobold demonologist
  7901 | D:7      | Killed Maggie
  8042 | D:7      | Reached skill level 8 in Fighting
  8244 | D:7      | Noticed Menkaure
  8250 | D:6      | Killed Menkaure
  8643 | D:7      | Killed a red ugly thing
  8644 | D:7      | Reached skill level 13 in Ranged Weapons
  8644 | D:7      | Reached skill level 9 in Dodging
  8848 | D:8      | Found a runed translucent gate.
  8848 | D:8      | Found a runed translucent gate.
  8848 | D:8      | Found a runed translucent gate.
  8973 | D:8      | Reached XP level 11. HP: 63/69 MP: 12/12
  9337 | D:8      | HP: 13/69 [water moccasin (6)]
  9409 | D:8      | Noticed LabCoat's ghost (novice HOFi)
  9442 | D:8      | Noticed a cyclops
  9539 | D:8      | Found a staircase to the Lair.
  9623 | D:8      | Noticed a cyclops
  9661 | D:8      | Killed a cyclops
  9662 | D:8      | Reached skill level 9 in Fighting
  9662 | D:8      | Reached skill level 14 in Ranged Weapons
  9850 | D:8      | Noticed a deep elf pyromancer
  9898 | D:8      | Killed a deep elf pyromancer
  9899 | D:8      | Reached skill level 10 in Dodging
 10532 | D:9      | HP: 17/71 [poisoned by a killer bee]
 11992 | D:2      | Killed Crazy Yiuf
 12221 | D:10     | Entered Level 10 of the Dungeon
 12270 | D:10     | Found a blossoming altar of Fedhas.
 12276 | D:10     | Found an iron altar of Okawaru.
 12335 | D:10     | Found a hazy altar of Hepliaklqana.
 12335 | D:10     | Found a hide-covered altar of Uskayaw.
 12339 | D:10     | Became a worshipper of Hepliaklqana the Forgotten
 12696 | D:10     | Noticed Psyche
 12824 | D:10     | Identified a scroll of acquirement
 12830 | D:10     | Acquired the +8 storm bow {elec, penet}
 12830 | D:10     | Found the +8 storm bow {elec, penet}
 13176 | D:10     | Killed Psyche
 13258 | Lair:1   | Entered Level 1 of the Lair of Beasts
 13264 | Lair:1   | Reached skill level 15 in Ranged Weapons
 13330 | Lair:1   | Noticed Urug
 13340 | Lair:1   | Killed Urug
 13341 | Lair:1   | Reached XP level 12. HP: 77/77 MP: 13/13
 13431 | Lair:1   | Reached * piety under Hepliaklqana
 13536 | Lair:1   | Reached skill level 10 in Fighting
 13583 | Lair:1   | Reached skill level 11 in Dodging
 13820 | Lair:1   | Noticed a five-headed hydra
 13838 | Lair:1   | Killed a five-headed hydra
 13972 | Lair:1   | Reached skill level 16 in Ranged Weapons
 14523 | Lair:2   | Reached ** piety under Hepliaklqana
 14526 | Lair:2   | Remembered your ancestor Cheryl as a knight
 14685 | Lair:2   | Noticed a five-headed hydra
 14686 | Lair:2   | Found a runed translucent gate.
 14686 | Lair:2   | Found a runed translucent gate.
 14686 | Lair:2   | Found a runed translucent gate.
 14689 | Lair:2   | Noticed Duaji's ghost (journeyman GrFi)
 14722 | Lair:2   | Reached skill level 11 in Fighting
 14722 | Lair:2   | Reached skill level 12 in Dodging
 14722 | Lair:2   | Reached XP level 13. HP: 75/75 MP: 14/14
 15303 | Lair:3   | Reached skill level 17 in Ranged Weapons
 15379 | Lair:3   | You are sucked into a shaft and drop 2 floors!
 15379 | Lair:5   | Entered Level 5 of the Lair of Beasts
 15387 | Lair:5   | HP: 17/75 [vampire mosquito (9)]
 15388 | Lair:5   | HP: 2/75 [oklob plant/splash of acid (14)]
 15388 | Lair:5   | Slain by a vampire mosquito

Illustrated notes

Levels and vault maps discovered:
D:1:      lightli_arrival_windingriver, layout_loops_ring, serial_shops, shop
D:2:      layout_basic, serial_corexii_hall, corexii_hall_statues_u,
          chequers_hall_statues_wall_a, uniq_crazy_yiuf_cottage, uniq_sigmund,
          uniq_jessica
D:3:      layout_loops_ring, portal_sewer_entry_d, minmay_misc_feat_room
D:4:      kennysheep_goblin_castle, layout_cave_pools, ebering_ghost_sewer_d,
          grunt_ministairs_13, uniq_blork_the_orc, uniq_edmund
D:5:      layout_layer_cave, serial_shops, kennysheep_mini_moat, shop,
          ebering_ghost_rock_garden, chequers_garden
D:6:      cheibrodos_barr_body, layout_loops_ring, temple_statues,
          supply_closet_lemuel, uniq_grinder
D:7:      nzn_winding_woodlands_cross [nzn_winding_woodlands_5x15_crooked,
          nzn_winding_woodlands_5x15_cabin, nzn_winding_woodlands_5x15_twine,
          nzn_winding_woodlands_5x15_pockets,
          nzn_winding_woodlands_15x15_five_gardens], layout_gridville,
          serial_shops, shop, uniq_menkaure, uniq_maggie, uniq_duvessa
D:8:      layout_basic, minmay_lair_entry_grove, gammafunk_ghost_split,
          kb_rosetta
D:9:      layout_roguey
D:10:     layout_gridville, mainiacjoe_overflow_large_starburst,
          mainiacjoe_overflow_divided_tiny, minmay_holes, due_unseen_surprise,
          uniq_psyche
Temple:   regret_index_temple_chain_breaker
Lair:1:   layout_hall_layers, chequers_serial_rivers_room_b, minivault_27,
          uniq_urug
Lair:2:   layout_roguey, gammafunk_ghost_split, infiniplex_staircase_pool_2
Lair:3:   layout_loops_ring, minmay_swamp_entry_worms,
          minmay_snake_entry_guardpost_medium
Lair:5:   minmay_lair_end_frog_pond, layout_loops_ring, slime_entry_1,
          serial_bayou_shore_a, lemuel_fruit_tree

Skill      XL: |  1  2  3  4  5  6  7  8  9 10 11 12 13 |
---------------+----------------------------------------+-----
Ranged Weapons | 6 7 8 9 11 13 15 16 17 | 17.1
Fighting       | 3 4 5 7 8 9 11 | 11.2
Dodging        | 3 4 5 6 7 9 10 12 | 12.2
Stealth        | |  1.0

Action                   |  1- 3 |  4- 6 |  7- 9 | 10-12 | 13-15 || total
-------------------------+-------+-------+-------+-------+-------++-------
 Fire: Shortbow          |    64 |   161 |   513 |   741 |       ||  1479
       Longbow           |       |       |       |   197 |    33 ||   230
Invok: Ancestor Life: Kn |       |       |       |     1 |       ||     1
       Ancestor Identity |       |       |       |     1 |       ||     1
       Recall Ancestor   |       |       |       |       |     1 ||     1
Evoke: Wand              |       |       |     1 |     5 |       ||     6
  Use: Potion            |       |     3 |     1 |     4 |       ||     8
       Scroll            |       |       |    12 |    12 |     1 ||    25
Armor: Leather armour    |     2 |       |       |       |       ||     2
       Ring mail         |       |    19 |   113 |   139 |     1 ||   272
Dodge: Dodged            |    13 |    48 |   225 |   650 |    16 ||   952

Table legend: (Time is in decaauts)
 A = Elapsed time spent in this place.
 B = Non-inter-level travel time spent in this place.
 C = Inter-level travel time spent in this place.
 D = Time resting spent in this place.
 E = Time spent auto-exploring this place.
 F = Levels seen in this place.
 G = Mean time per level.
                   A        B        C        D        E       F      G
               +--------+--------+--------+--------+--------+-----+--------+
         Total |  14594 |  13889 |    705 |   2551 |   7293 |  16 |  912.1 |
       Dungeon |  12141 |  11481 |    660 |   2251 |   5806 |  10 | 1214.1 |
        Temple |    174 |    155 |     19 |      0 |    137 |   1 |  174.0 |
          Lair |   1945 |   1919 |     26 |    262 |   1206 |   4 |  486.2 |
         Sewer |    332 |    332 |      0 |     38 |    143 |   1 |  332.0 |
               +--------+--------+--------+--------+--------+-----+--------+

Top non-repeatable levels by time:
     D:7: 1523 daAuts
     D:5: 1473 daAuts
     D:3: 1457 daAuts
     D:6: 1456 daAuts
     D:8: 1373 daAuts
     D:9: 1324 daAuts
  Lair:1: 993 daAuts
    D:10: 925 daAuts
     D:4: 894 daAuts
     D:1: 879 daAuts
  Lair:2: 846 daAuts
     D:2: 832 daAuts
   Sewer: 332 daAuts
  Temple: 174 daAuts
  Lair:3: 97 daAuts

Table legend:
 A = Kills in this place as a percentage of kills in entire the game.
 B = Kills by you in this place as a percentage of kills by you in the entire game.
 C = Kills by friends in this place as a percentage of kills by friends in the entire game.
 D = Other kills in this place as a percentage of other kills in the entire game.
 E = Experience gained in this place as a percentage of experience gained in the entire game.
 F = Experience gained in this place divided by the number of levels of this place that you have seen.
                   A       B       C       D       E      F
               +-------+-------+-------+-------+-------+----------------------
         Total | 100.0 | 100.0 | 100.0 | 100.0 | 100.0 | 2167.1
       Dungeon |  76.1 |  77.2 |   0.0 | 100.0 |  50.3 | 1744.3
          Lair |  17.8 |  16.5 | 100.0 |   0.0 |  49.1 | 4260.2
         Sewer |   6.1 |   6.2 |   0.0 |   0.0 |   0.5 | 190.0
               +-------+-------+-------+-------+-------+----------------------
